 Dungeon Crawl Stone Soup version 0.30-a0-218-gedb9141078 (webtiles) character file.

Game seed: 5284794944750164185

35 KarmaKiller the Trooper (level 3, -1/24 HPs)
             Began as a Gargoyle Berserker on Oct 5, 2022.
             Was a Believer of Trog.
             Slain by an adder (2 damage)
             ... on level 2 of the Dungeon.
             The game lasted 00:08:41 (972 turns).

KarmaKiller the Trooper (Gargoyle Berserker)         Turns: 972, Time: 00:08:42

Health: -1/24      AC:  6    Str: 22    XL:     3   Next: 33%
Magic:  3/3        EV: 11    Int:  7    God:    Trog [**....]
Gold:   62         SH:  0    Dex:  9    Spells: 2/2 levels left

rFire   . . .      SeeInvis .    a - +0 mace
rCold   . . .      Faith    .    (no shield)
rNeg    + + .      Spirit   .    e - +0 leather armour
rPois   ∞          Reflect  .    (no helmet)
rElec   +          Harm     .    (no cloak)
rCorr   .          Rampage  .    (no gloves)
Will    .....                    (no boots)
Stlth   +.........               (no amulet)
HPRegen 0.24/turn                g - ring of positive energy
MPRegen 0.08/turn                (no ring)

@: no status effects
A: sickness immunity, AC +3, negative energy resistance 1, electricity
resistance, torment resistance 1, petrification resistance
a: Renounce Religion, Berserk, Trog's Hand


You were on level 2 of the Dungeon.
You worshipped Trog.
Trog was pleased with you.
You visited 1 branch of the dungeon, and saw 2 of its levels.

You collected 62 gold pieces.

Inventory:

Hand Weapons
 a - a +0 mace (weapon)
Armour
 b - a +0 animal skin
 e - a +0 leather armour (worn)
Jewellery
 g - a ring of positive energy (left hand)
Scrolls
 f - a scroll of fog {unknown}
Potions
 c - a potion of flight {unknown}
 d - 2 potions of curing {unknown}


   Skills:
 + Level 3.8 Fighting
 + Level 3.7 Maces & Flails
 + Level 2.2 Armour
 + Level 1.8 Dodging


You had 2 spell levels left.
You didn't know any spells.
Your spell library contained the following spells:

 Spells                   Type           Power      Damage    Failure   Level
 Ignite Poison            Fire/Tmut/Pois 0%         N/A       85%         3
 Inner Flame              Hex/Fire       0%         N/A       85%         3
 Kindle Blastsparks       Fire/Tloc/Air  0%         2d10      85%         3
 Flame Wave               Conj/Fire      0%         2d4       99%         4
 Sticky Flame             Conj/Fire      0%         2d3       99%         4
 Freezing Cloud           Conj/Ice/Air   0%         6-21      100%        5


Dungeon Overview and Level Annotations

Branches:
Dungeon (2/15)

Altars:

Annotations:
D:2 Natasha


Innate Abilities, Weirdness & Mutations

You are immune to sickness and miasma.
Your stone body is resilient. (AC +3)
You are immune to poison.
You resist negative energy. (rN+)
You are resistant to electric shocks. (rElec)
You are resistant to unholy torment.
You are immune to petrification.


Message History

There is a stone staircase leading up here.
You barely miss Natasha.
Natasha stares at you and mumbles some strange words.
The magic dart hits you!
You closely miss Natasha. Natasha barely misses you.
You hit Natasha.
Natasha is lightly wounded.
Natasha claws you but does no damage. The adder bites you but does no damage.
Natasha claws you!
* * * LOW HITPOINT WARNING * * *
Natasha attacks as you move away! Natasha barely misses you.
The adder bites you but does no damage.
Natasha howls an incantation.
Natasha's front paws start to glow.
The adder bites you but does no damage. The adder barely misses you.
Natasha claws you but does no damage. Natasha attacks as you move away!
Natasha claws you.
* * * LOW HITPOINT WARNING * * *
A worm comes into view.
You hit the worm.
The worm is lightly wounded.
The adder misses you.
Natasha mumbles some strange words.
The adder closely misses you. The worm barely misses you.
You thump the worm!
The worm is severely wounded.
The adder bites you.
* * * LOW HITPOINT WARNING * * *
Natasha mumbles some strange words.
You feel disoriented. The adder bites you.
* * * LOW HITPOINT WARNING * * *
You completely miss the worm.
The worm is severely wounded.
The adder bites you but does no damage. The worm closely misses you.
You sock the worm!
You kill the worm!
Trog accepts your kill. The adder bites you.
You die...

...$ ###. .#....
...#. ... ......
#.... ..#.#.. #
#..... ..... .#
##....####..# ...
........##.##
....
.##...#<..5h#
....#
#.....###S#.....#
##....# #@...#
.....#....###..#
......####. ....
....## #. #..
.... .. . ... ..
###


You could see Natasha, an adder and a shadow imp (summoned).

Vanquished Creatures
  A worm (D:2)
  2 dart slugs (D:1)
  6 bats (D:1)
  An endoplasm (D:1)
  4 hobgoblins (D:1)
  4 kobolds (D:1)
  2 quokkas (D:1)
  A ball python (D:1)
  4 frilled lizards (D:1)
  3 goblins (D:1)
  3 rats (D:1)
31 creatures vanquished.

Notes
Turn   | Place    | Note
-------+----------+-------------------------------------------
     0 | D:1      | KarmaKiller the Gargoyle Berserker began the quest for the
                  | Orb.
     0 | D:1      | Reached XP level 1. HP: 14/14 MP: 1/1
    77 | D:1      | Reached XP level 2. HP: 13/19 MP: 2/2
   307 | D:1      | Found a faded altar of an unknown god.
   413 | D:1      | Reached XP level 3. HP: 24/24 MP: 3/3
   624 | D:1      | Reached ** piety under Trog
   955 | D:2      | Noticed Natasha
   970 | D:2      | HP: 1/24 [adder (3)]
   972 | D:2      | Slain by an adder

Illustrated notes

Levels and vault maps discovered:
D:1:      erik_arrival_orb_chamber, layout_basic,
          dilly_ecumenical_altar_fadedgnrine, minmay_unequal
D:2:      layout_rooms, serial_shops, shop, uniq_jessica, uniq_natasha,
          uniq_sigmund

Action                   || total
-------------------------++-------
Melee: Mace              ||   102
Armor: Animal skin       ||    38
       Leather armour    ||    11
Dodge: Dodged            ||    99

Table legend: (Time is in decaauts)
 A = Elapsed time spent in this place.
 B = Non-inter-level travel time spent in this place.
 C = Inter-level travel time spent in this place.
 D = Time resting spent in this place.
 E = Time spent auto-exploring this place.
 F = Levels seen in this place.
 G = Mean time per level.
                   A        B        C        D        E       F      G
               +--------+--------+--------+--------+--------+-----+--------+
         Total |    995 |    995 |      0 |     22 |      0 |   2 |  497.5 |
       Dungeon |    995 |    995 |      0 |     22 |      0 |   2 |  497.5 |
               +--------+--------+--------+--------+--------+-----+--------+

Top non-repeatable levels by time:
     D:1: 977 daAuts
     D:2: 18 daAuts
